 Dungeon Crawl Stone Soup version 0.14.2 (webtiles) character file.

42 Amnesiac the Charlatan (level 1, -1/10 HPs)
             Began as a Spriggan Artificer on Feb 10, 2018.
             Slain by a kobold
             ... wielding a +0,+0 whip
              (5 damage)
             ... on Level 1 of the Dungeon.
             The game lasted 00:00:38 (484 turns).

Amnesiac the Charlatan (Spriggan Artificer)          Turns: 484, Time: 00:00:38

HP  -1/10        AC  2     Str  7      XL: 1   Next: 91%
MP   2/2         EV 18     Int 13      God:
Gold 35          SH  0     Dex 16      Spells:  0 memorised,  0 levels left

rFire  . . .     SeeInvis +     i - +2 dagger (speed)
rCold  . . .     Clarity  .     e - +0 robe
rNeg   . . .     Conserve .     (shield restricted)
rPois  .         rCorr    .     (helmet restricted)
rElec  .         rRot     .     (no cloak)
SustAb . .       Spirit   .     (gloves unavailable)
rMut   .         Warding  .     (boots unavailable)
Saprov . . .     Stasis   .     (no amulet)
MR     .....                    (no ring)
                                (no ring)

@: very quick, not resistant to hostile enchantments, fairly stealthy
A: unfitting armour, see invisible, herbivore 3, speed 3, slow metabolism 2
a: no special abilities


You were on level 1 of the Dungeon.
You were not hungry.

You visited 1 branch of the dungeon, and saw 1 of its levels.

You collected 35 gold pieces.

Inventory:

Hand weapons
 a - a +0,+0 short sword
 i - a +2,+2 dagger of speed (weapon)
Armour
 e - a +0 robe (worn)
Magical devices
 b - a wand of flame (15)
 c - a wand of enslavement (15)
 d - a wand of random effects (14)
Scrolls
 g - a scroll of identify {!r, unknown}
 j - a scroll of remove curse {!r, unknown}
Potions
 f - a potion of porridge {!q}
 h - a potion of heal wounds {!q, unknown}
 k - a potion of brilliance {!q, unknown}


   Skills:
 - Level 1.0 Fighting
 + Level 1.3 Short Blades
 - Level 3.0 Dodging
 - Level 1.5 Stealth
 - Level 4.5 Evocations


You couldn't memorise any spells.
You didn't know any spells.

Dungeon Overview and Level Annotations

Branches:
Dungeon (1/15)

Altars:


Innate Abilities, Weirdness & Mutations

You are tiny and cannot use many weapons and most armour.
You have supernaturally acute eyesight.
You are a herbivore.
You cover ground extremely quickly.
You need consume almost no food.


Message History

No target in view!
You now have 18 gold pieces (gained 5).
There is a stone staircase leading down here.
Found 21 stones.
No target in view!
HP restored.
You now have 35 gold pieces (gained 17).
You see here 21 stones.
j - a scroll labeled KUNWAH CUF GEI {!r} You swing at nothing.
You swing at nothing.
You swing at nothing.
You swing at nothing.
You swing at nothing.
k - a fizzy inky potion {!q} A bat comes into view.
A bat is nearby!
The bat closely misses you. The bat completely misses you.
The bat barely misses you. The bat completely misses you.
You miss the bat. The bat barely misses you. The bat closely misses you.
You closely miss the bat. The bat completely misses you.
You hit the bat.
The bat is moderately wounded.
The bat closely misses you. The bat barely misses you. x2
You hit the bat but do no damage.
The bat is moderately wounded.
The bat completely misses you.
You barely miss the bat.
The bat is moderately wounded.
The bat hits you. x2
You miss the bat.
The bat is moderately wounded.
The bat misses you. The bat closely misses you.
You closely miss the bat.
The bat is moderately wounded.
You hit the bat.
You kill the bat!
No target in view!
No target in view!
No target in view!
No target in view!
No target in view!
No target in view!
No target in view!
No target in view!
No target in view!
No target in view!
No target in view!
No target in view!
A kobold comes into view. It is wielding a whip.
The kobold shouts!
A kobold is nearby!
You closely miss the kobold. The kobold hits you with a whip.
* * * LOW HITPOINT WARNING * * *
A kobold is nearby!
You closely miss the kobold. You hit the kobold.
The kobold is severely wounded.
The kobold hits you with a whip.
Ouch! That really hurt!
You die...

.......#######.....##....#
(###.............#.#....##
. ####.......####.....## .
#########.......## #
#........#### # #.....####
# # ########## ####.# #.#
#.#K# .....####.## #%#@#
.........#.###...#
#######.........## #
#.#####......... # #.#
#...##### #######.# .#.##
........# ..... ##.######
##.#..# #.# #.#..#


You could see a kobold.

Vanquished Creatures
  A giant gecko (D:1)
  A goblin (D:1)
  A kobold (D:1)
  3 bats (D:1)
6 creatures vanquished.

Notes
Turn   | Place    | Note
--------------------------------------------------------------
     0 | D:1      | Amnesiac, the Spriggan Artificer, began the quest for the Orb.
     0 | D:1      | Reached XP level 1. HP: 9/9 MP: 2/2
   164 | D:1      | Reached skill level 1 in Fighting
   484 | D:1      | Slain by a kobold

Action                   || total
-------------------------++-------
Melee: Dagger            ||    13
       Short sword       ||    10
Evoke: Wand              ||     1
